 Dungeon Crawl Stone Soup version 0.19.1 (webtiles) character file.

422 Darkmans the Shield-Bearer (level 6, -12/38 HPs)
             Began as a Gargoyle Fighter on Dec 17, 2016.
             Was an Initiate of Okawaru.
             Killed by divine providence
             ... invoked by an orc priest
              (14 damage)
             ... on level 4 of the Dungeon.
             The game lasted 00:06:54 (2811 turns).

Darkmans the Shield-Bearer (Gargoyle Fighter)       Turns: 2811, Time: 00:06:57

Health: -12/38     AC: 12    Str: 26    XL:     6   Next: 95%
Magic:  6/6        EV: 12    Int:  9    God:    Okawaru [......]
Gold:   175        SH: 10    Dex:  9    Spells: 0 memorised, 5 levels left

rFire  . . .     SeeInvis +     a - +0 flail
rCold  . . .     Gourm    .     b - +0 scale mail
rNeg   + . .     Faith    .     c - +0 shield
rPois  ∞         Spirit   .     (no helmet)
rElec  +         Reflect  .     t - +0 cloak
rCorr  .         Harm     .     (no gloves)
MR     .....                    (no boots)
Stlth  ..........               (no amulet)
                                s - ring of see invisible
                                i - +4 ring of evasion

@: mighty, about to teleport
A: negative energy resistance 1, electricity resistance, unbreathing,
petrification resistance, rot immunity, AC +4
a: Renounce Religion


You were on level 4 of the Dungeon.
You worshipped Okawaru.
Okawaru was noncommittal.
You were hungry.

You visited 2 branches of the dungeon, and saw 6 of its levels.

You collected 175 gold pieces.

Inventory:

Hand Weapons
 a - a +0 flail (weapon)
Armour
 b - a +0 scale mail (worn)
 c - a +0 shield (worn)
 t - a +0 cloak (worn)
Jewellery
 g - an uncursed ring of protection from fire
 i - a +4 ring of evasion (left hand)
 s - a ring of see invisible (right hand)
Wands
 q - a wand of iceblast (8/15)
Scrolls
 e - a scroll of enchant armour
 h - a scroll of amnesia
Potions
 j - a potion of cancellation {unknown}
 m - a potion of haste
 r - a potion of mutation {unknown}
Comestibles
 f - 3 bread rations
 n - 3 meat rations


   Skills:
 + Level 4.1 Fighting
 + Level 4.4 Maces & Flails
 + Level 4.1 Armour
 + Level 1.2 Dodging
 + Level 5.5 Shields


You had 5 spell levels left.
You didn't know any spells.

Dungeon Overview and Level Annotations

Branches:
Dungeon (5/15)             Temple (1/1) D:4

Altars:
Ashenzari
Dithmenos
Fedhas
Hepliaklqana
Makhleb
Nemelex Xobeh
Okawaru
Qazlal
Ru
Trog
Uskayaw
Xom
Yredelemnul

Annotations:
D:4 Prince Ribbit


Innate Abilities, Weirdness & Mutations

You are resistant to torment.
Your stone body is resilient. (AC +4)
You are immune to poison.
You resist negative energy. (rN+)
You are resistant to electric shocks. (rElec)
You can survive without breathing.
You are immune to petrification.
You are immune to rotting.


Message History

As you read the scroll labeled WUDDAAVVAX, it crumbles to dust.
The creatures around you are filled with an inner flame!
It was a scroll of immolation.
The orc wizard hits you but does no damage.
You block Prince Ribbit's attack.
As you read the scroll labeled MONIUPPAIP, it crumbles to dust.
You hear a loud clanging noise!
It was a scroll of noise.
You hear a shout!
You block the orc wizard's attack. Prince Ribbit hits you.
* * * LOW HITPOINT WARNING * * *
The orc wizard misses you. Prince Ribbit closely misses you.
As you read the scroll labeled DUZXEP XITZUB, it crumbles to dust.
You feel strangely unstable.
It was a scroll of teleportation.
The orc wizard casts a spell.
The orc wizard blinks!
Prince Ribbit hits you but does no damage.
The orc priest invokes the aid of Beogh against you.
Beogh smites you!
You die...

# ### # #<# ###### #.#
.....# #.# ####.# ###.#
####.# ############.#.#
#....# #....ooSF@o..#.#
#....# #.##########.#.#
#....###.#.#...# #.#.#
.......>o#.#.#.# #.#.#
##.#.##..#...#.# #.#.#
#.#.##..#.#...# #.#.#
##.#+##..#.#.######.#.#
......#.........÷...#.#
......#...##.########.#


You could see Prince Ribbit (inner flame), an orc priest (inner flame), an orc
wizard (inner flame), an adder (inner flame) and an orc (inner flame).

Vanquished Creatures
  An ogre (D:4)
  A howler monkey (D:4)
  A hound (D:4)
  An orc wizard (D:4)
  An orc priest (D:4)
  2 worker ants (D:4)
  A hound skeleton (D:4)
  10 adders
  2 dart slugs (D:4)
  2 leopard geckos
  4 orcs
  A giant cockroach (D:2)
  4 goblins
  5 hobgoblins
  6 jackals
  3 quokkas
  A ball python (D:1)
  6 bats
  3 frilled lizards
  4 kobolds
  A rat (D:3)
60 creatures vanquished.

Notes
Turn   | Place    | Note
-------+----------+-------------------------------------------
     0 | D:1      | Darkmans the Gargoyle Fighter began the quest for the Orb.
     0 | D:1      | Reached XP level 1. HP: 14/14 MP: 1/1
   122 | D:1      | Reached XP level 2. HP: 19/19 MP: 2/2
   422 | D:2      | Found a shimmering altar of Xom.
   439 | D:2      | Reached XP level 3. HP: 18/23 MP: 3/3
   675 | D:2      | Reached skill level 4 in Shields
   751 | D:2      | Found a shadowy altar of Dithmenos.
  1117 | D:3      | Reached XP level 4. HP: 29/29 MP: 4/4
  1762 | D:4      | Noticed an ogre
  1777 | D:4      | Killed an ogre
  1777 | D:4      | Reached XP level 5. HP: 31/33 MP: 5/5
  1818 | D:4      | Reached XP level 6. HP: 36/38 MP: 6/6
  1952 | D:4      | Reached skill level 5 in Shields
  1990 | D:4      | Found a burning altar of Makhleb.
  2015 | D:4      | Reached skill level 1 in Dodging
  2179 | D:4      | Found a staircase to the Ecumenical Temple.
  2268 | Temple   | Entered the Ecumenical Temple
  2312 | Temple   | Became a worshipper of Warmaster Okawaru
  2794 | D:5      | Entered Level 5 of the Dungeon
  2794 | D:5      | Noticed Prince Ribbit
  2811 | D:4      | Killed from afar by an orc priest

Skill      XL: |  1  2  3  4  5  6 |
---------------+-------------------+-----
Shields        | 4 5 |  5.5
Maces & Flails | 3 4 |  4.4
Fighting       | 4 |  4.1
Dodging        | 1 |  1.2
Armour         | 4 |  4.1

Action                   |  1- 3 |  4- 6 || total
-------------------------+-------+-------++-------
Melee: Flail             |    97 |   207 ||   304
  Use: Scroll            |       |    10 ||    10
       Potion            |       |     2 ||     2
  Eat: Chunk             |     1 |     5 ||     6
Armor: Scale mail        |    55 |    80 ||   135
Dodge: Dodged            |    59 |   119 ||   178
Block: Shield            |    74 |   114 ||   188
